[Event "ICCopen2016"]
[Site "Internet Chess Club"]
[Date "2016.06.03"]
[Round "8"]
[White "jps7"]
[Black "JUGGERNOT"]
[Result "0-1"]
[ICCResult "White checkmated"]
[WhiteElo "1537"]
[BlackElo "1822"]
[Opening "Dutch: Staunton gambit"]
[ECO "A82"]
[NIC "HD.11"]
[Time "20:17:41"]
[TimeControl "180+0"]

1. d4 f5 2. e4 d5 3. e5 e6 4. f4 g6 5. Nf3 Bg7 6. c3 Ne7 7. Be3 Nd7 8. Qb3
c6 9. c4 h6 10. c5 O-O 11. Bd3 b6 12. Qa3 bxc5 13. dxc5 a5 14. Nd4 Nb8 15.
Nc3 Ba6 16. Nxe6 Qd7 17. Nxf8 Kxf8 18. Bxa6 Nxa6 19. Bd4 Nb4 20. Qb3 Nd3+
21. Kd2 Nxf4 22. g3 Ne6 23. Qa4 Qc7 24. Rhe1 g5 25. Re2 Ng6 26. Rf1 f4 27.
gxf4 Ngxf4 28. Ref2 Kg8 29. Ke3 Rb8 30. b3 Rb4 31. Qa3 Nxd4 32. Na4 Qxe5+
33. Kd2 Nb5 34. Qc1 Qd4+ 35. Ke1 Nd3+ 36. Ke2 Nxc1+ 37. Rxc1 Qe4+ 38. Kf1
Qh1+ 39. Ke2 Qxc1 40. Nb6 Re4+ 41. Kf3 Rf4+ 42. Kg2 Rxf2+ 43. Kxf2 Qxc5+ 44.
Ke2 Qxb6 45. Kd3 Qd4+ 46. Kc2 Qc3+ 47. Kb1 Qb2# {White checkmated} 0-1

[Event "ICCopen2016"]
[Site "Internet Chess Club"]
[Date "2016.06.03"]
[Round "8"]
[White "flinkfinger"]
[Black "Elico"]
[Result "1-0"]
[ICCResult "Black checkmated"]
[WhiteElo "2218"]
[BlackElo "1809"]
[Opening "Sicilian: Hungarian variation"]
[ECO "B27"]
[NIC "SI.43"]
[Time "20:17:46"]
[TimeControl "180+0"]

1. e4 c5 2. Nf3 g6 3. c3 d5 4. exd5 Qxd5 5. Na3 Nc6 6. Bc4 Qh5 7. Be2 Bg4 8.
h3 Nf6 9. Qb3 Rb8 10. Nb5 Bxf3 11. Bxf3 Qe5+ 12. Kf1 Bg7 13. d4 cxd4 14.
Nxd4 O-O 15. Nxc6 bxc6 16. Qc2 Nd5 17. g3 Qd6 18. Kg2 e5 19. Rd1 Qe6 20. Bd2
f5 21. Kg1 e4 22. Bg2 Rfd8 23. Bg5 Rd7 24. Rd2 h6 25. Be3 Nxe3 26. fxe3 Rbd8
27. Rad1 Rxd2 28. Rxd2 Rxd2 29. Qxd2 Qxa2 30. Qd8+ Kh7 31. h4 Qxb2 32. h5 g5
33. Qd7 Qb5 34. Bf1 Qd5 35. Qxa7 Qe5 36. Kg2 Qxc3 37. Qf7 Qd2+ 38. Kh3 Qxe3
39. Bc4 g4+ 40. Kg2 Qd2+ 41. Kf1 Qd1+ 42. Kg2 Qd2+ 43. Kf1 Qd1+ 44. Kg2 Qd8
45. Qxf5+ Kh8 46. Qxe4 Qd2+ 47. Kf1 Bd4 48. Qe8+ Kg7 49. Qf7+ Kh8 50. Qg8#
{Black checkmated}
1-0

[Event "ICCopen2016"]
[Site "Internet Chess Club"]
[Date "2016.06.03"]
[Round "8"]
[White "skippykid"]
[Black "Pitchoun"]
[Result "1-0"]
[ICCResult "Black disconnected and forfeits"]
[WhiteElo "2330"]
[BlackElo "2737"]
[Opening "Sicilian: Canal-Sokolsky (Nimzovich-Rossolimo, Moscow) attack"]
[ECO "B51"]
[NIC "SI.01"]
[Time "20:17:39"]
[TimeControl "180+0"]

1. e4 c5 2. Nf3 d6 3. Bb5+ Nd7 4. O-O a6 5. Bc4 Ngf6 6. Re1 b5 7. Bf1 Bb7 8.
d3 g6 9. Nbd2 Bg7 10. g3 O-O 11. Bg2 e5 12. Nf1 Qc7 13. h4 d5 14. exd5 Nxd5
15. N1h2 Rfe8 16. Bd2 Rad8 17. h5 f5 18. Ng5 Nf8 19. g4 e4 20. hxg6 hxg6 21.
gxf5 gxf5 22. dxe4 fxe4 23. Rxe4 Rxe4 24. Bxe4 Nf6 25. Bxb7 Qxb7 26. Qe2 Re8
27. Qd3 c4 28. Qg3 Qd5 29. Bc3 Qf5 30. a4 Nh5 31. Qg4 Qxg4+ 32. Nxg4 Bxc3
33. bxc3 Re2 34. axb5 axb5 35. Ra7 Ng6 36. Nh6+ Kf8 37. Nf5 Nhf4 38. Ra8+
Re8 39. Rxe8+ Kxe8 40. Nd6+ Kd7 41. Nxb5 Kc6 42. Nd4+ Kd5 43. f3 Ne5 44. Kf2
Nh3+ 45. Nxh3 Nd7 46. Nf4+ Ke5 47. Ke3 Nc5 48. Nfe2 Kf6 49. Ng3 Na4 50. Ne4+
Ke5 51. f4+ Kd5 52. f5 Nc5 53. Nxc5 {Black disconnected and forfeits} 1-0

[Event "ICCopen2016"]
[Site "Internet Chess Club"]
[Date "2016.06.03"]
[Round "8"]
[White "HuevosDeLeon"]
[Black "ARMCOMPOSER"]
[Result "1-0"]
[ICCResult "Black resigns"]
[WhiteElo "2640"]
[BlackElo "3046"]
[Opening "Queen's pawn, Mason variation"]
[ECO "D00"]
[NIC "QP.08"]
[Time "20:18:41"]
[TimeControl "180+0"]

1. d4 d5 2. Bf4 Nf6 3. e3 c5 4. c3 Nc6 5. Nd2 Bf5 6. Qb3 Qc8 7. dxc5 e6 8.
Qa3 Be7 9. Ngf3 O-O 10. Be2 b6 11. Bd6 Bxd6 12. cxd6 Rd8 13. Ba6 Qd7 14. Bb5
Qxd6 15. Qxd6 Rxd6 16. Bxc6 Rxc6 17. Nd4 Rd6 18. Nxf5 exf5 19. Ke2 b5 20.
Rhd1 g6 21. a4 Rb6 22. a5 Rc6 23. Nb3 Rb8 24. Nd4 Rc5 25. Nc2 h5 26. Nb4 Kf8
27. Na6 Rbc8 28. Nxc5 Rxc5 29. Rd4 a6 30. Rad1 Ke7 31. f3 Ke6 32. Kd2 Rc6
33. Kc2 Rc5 34. b3 Rc6 35. Kb2 Rc5 36. Rc1 Nd7 37. e4 dxe4 38. fxe4 Nf8 39.
exf5+ Rxf5 40. Rcd1 Kf6 41. Rd6+ Ne6 42. R1d2 b4 43. cxb4 Rf4 44. Rxa6 Rxb4
45. Rb6 Re4 46. a6 Kg7 47. a7 Nc7 48. Rb7 Na8 49. Rd8 Re2+ 50. Ka3 Rxg2 51.
Rxa8 Rxh2 52. Rc8 {Black resigns} 1-0

[Event "ICCopen2016"]
[Site "Internet Chess Club"]
[Date "2016.06.03"]
[Round "8"]
[White "depressnyak"]
[Black "Joshdaruca"]
[Result "1/2-1/2"]
[ICCResult "Game drawn by repetition"]
[WhiteElo "3220"]
[BlackElo "2794"]
[Opening "Réti opening"]
[ECO "A30"]
[NIC "EO.34"]
[Time "20:18:10"]
[TimeControl "180+0"]

1. Nf3 c5 2. c4 Nc6 3. Nc3 g6 4. e3 Nf6 5. d4 cxd4 6. exd4 d5 7. cxd5 Nxd5
8. Qb3 Nxc3 9. Bc4 Nd5 10. Bxd5 e6 11. Bxc6+ bxc6 12. O-O Qd5 13. Bf4 f6 14.
Qc3 Kf7 15. Rfd1 Be7 16. Be3 Bd7 17. Ne1 Kg7 18. Nd3 Rhd8 19. f3 Be8 20. Nf4
Qd6 21. Rac1 g5 22. Nd3 Qd5 23. b3 a5 24. Rd2 Ba3 25. Rcd1 Rdc8 26. h3 h5
27. Bf2 h4 28. Re2 Bf7 29. Qe1 Qf5 30. Nc5 Bb4 31. Qf1 Bxc5 32. dxc5 Rd8 33.
Red2 Rd5 34. Rxd5 exd5 35. Bd4 Re8 36. Re1 Qf4 37. Bf2 Re5 38. Rxe5 fxe5 39.
Qd3 Qc1+ 40. Kh2 Qf4+ 41. Kg1 Qc1+ 42. Kh2 Qf4+ 43. Kg1
{Game drawn by repetition}
1/2-1/2

[Event "ICCopen2016"]
[Site "Internet Chess Club"]
[Date "2016.06.03"]
[Round "8"]
[White "RonJB"]
[Black "waynehatcher"]
[Result "1-0"]
[ICCResult "Black checkmated"]
[WhiteElo "1644"]
[BlackElo "1546"]
[Opening "Queen's pawn, Mason variation"]
[ECO "D00"]
[NIC "QP.08"]
[Time "20:18:03"]
[TimeControl "180+0"]

1. d4 d5 2. Bf4 c6 3. Nf3 Bf5 4. c3 e6 5. Nbd2 Nf6 6. Qb3 b5 7. a4 a6 8. e3
Nbd7 9. Be2 Be7 10. Ne5 Qb6 11. axb5 Nxe5 12. Bxe5 O-O 13. bxa6 Qxb3 14.
Nxb3 Nd7 15. Na5 Nxe5 16. dxe5 Rfc8 17. Nb7 Ra7 18. O-O f6 19. exf6 gxf6 20.
b4 e5 21. f3 Rc7 22. g4 Bc8 23. Nc5 Bxc5 24. bxc5 Be6 25. Rfb1 Bc8 26. Rb6
Kf7 27. Bd3 Ke7 28. Bxh7 Kf7 29. Bf5 Bxf5 30. gxf5 Kg7 31. e4 dxe4 32. fxe4
Kh6 33. Kf2 Kg5 34. Ke3 Kg4 35. Rg1+ Kh3 36. Rg6 Rf7 37. Rxc6 Kxh2 38. Rgxf6
Rac7 39. Rxc7 Rxc7 40. Re6 Rxc5 41. f6 Rc8 42. f7 Kg3 43. a7 Rc7 44. f8=Q
Rxc3+ 45. Kd2 Rf3 46. Rg6+ Kf2 47. Qc5+ Kf1 48. Qg1# {Black checkmated} 1-0

[Event "ICCopen2016"]
[Site "Internet Chess Club"]
[Date "2016.06.03"]
[Round "8"]
[White "eltigrecu"]
[Black "whiteshark"]
[Result "0-1"]
[ICCResult "White resigns"]
[WhiteElo "2105"]
[BlackElo "2593"]
[Opening "French: classical, Steinitz variation"]
[ECO "C14"]
[NIC "FR.06"]
[Time "20:17:34"]
[TimeControl "180+0"]

1. d4 Nf6 2. Bg5 e6 3. e4 Be7 4. Nc3 d5 5. e5 Nfd7 6. Bxe7 Qxe7 7. f4 a6 8.
Nf3 c5 9. Bd3 b5 10. dxc5 Qxc5 11. Qe2 O-O 12. Bxh7+ Kxh7 13. Ng5+ Kg6 14.
Qd3+ f5 15. Qh3 Nxe5 16. Qh7+ Kf6 17. fxe5+ Kxg5 18. Qxg7+ Kh5 19. O-O-O
Qe3+ 20. Kb1 Qh6 21. Qe7 Nc6 22. Qc5 Nxe5 23. Rhe1 Nc4 24. Rd3 Kg6 25. Rh3
Qd2 26. Rd1 Qxg2 27. Rg3+ Qxg3 28. hxg3 Bd7 29. Qe7 Rf7 30. Qh4 Rh7 31. Qf4
Rah8 32. g4 fxg4 33. Qxg4+ Kf7 34. Rf1+ Ke8 35. Qf3 Nd2+ {White resigns} 0-1

[Event "ICCopen2016"]
[Site "Internet Chess Club"]
[Date "2016.06.03"]
[Round "8"]
[White "SurferRosa"]
[Black "tangent"]
[Result "1-0"]
[ICCResult "Black resigns"]
[WhiteElo "2458"]
[BlackElo "1968"]
[Opening "Ruy Lopez: Archangelsk (counterthrust) variation"]
[ECO "C78"]
[NIC "RL.12"]
[Time "20:17:44"]
[TimeControl "180+0"]

1. e4 e5 2. Nf3 Nc6 3. Bb5 a6 4. Ba4 Nf6 5. O-O b5 6. Bb3 Bb7 7. d3 h6 8. c4
Bd6 9. Nc3 b4 10. Nd5 O-O 11. Be3 Re8 12. h3 Bf8 13. Re1 d6 14. a3 bxa3 15.
Rxa3 Rb8 16. Ba4 Ra8 17. Qd2 Re6 18. b4 Nb8 19. Rea1 Nbd7 20. Bb3 c6 21. Nc3
Re8 22. Qa2 d5 23. cxd5 Bxb4 24. dxc6 Bxc6 25. Bxf7+ Kh7 26. Rb3 a5 27. Bxe8
Qxe8 28. Qb2 Rc8 29. Ne2 Bb5 30. Ng3 g6 31. d4 exd4 32. Nxd4 Bc4 33. Rxb4
axb4 34. Qxb4 Nxe4 35. Nxe4 Qxe4 36. Ra7 Be6 37. Qe7+ Kh8 38. Nxe6 Qe5 39.
Rxd7 {Black resigns} 1-0

[Event "ICCopen2016"]
[Site "Internet Chess Club"]
[Date "2016.06.03"]
[Round "8"]
[White "Sebs"]
[Black "faust"]
[Result "1/2-1/2"]
[ICCResult "Game drawn by mutual agreement"]
[WhiteElo "3046"]
[BlackElo "3215"]
[Opening "Grünfeld: Russian variation with e4"]
[ECO "D97"]
[NIC "GI.10"]
[Time "20:18:21"]
[TimeControl "180+0"]

1. d4 Nf6 2. c4 g6 3. Nc3 d5 4. Nf3 Bg7 5. Qb3 dxc4 6. Qxc4 O-O 7. e4 Be6 8.
d5 Bc8 9. Be2 e6 10. O-O exd5 11. Nxd5 Nxd5 12. exd5 Nd7 13. Bg5 Bf6 14. Qh4
Re8 15. Bc4 h5 16. Rae1 Rxe1 17. Rxe1 Kg7 18. Qf4 Bxg5 19. Nxg5 Nf6 20. d6
Qxd6 21. Qxd6 cxd6 22. Re7 d5 23. Bd3 Kg8 24. Rxf7 Ne4 25. Bxe4 dxe4 26. Rc7
Bf5 27. Rxb7 Rc8 28. h3 Rc1+ 29. Kh2 h4 30. Nf7 Rc2 31. Kg1 Rc1+ 32. Kh2 Rc2
33. Nh6+ Kh8 34. Nxf5 gxf5 35. Kg1 Rc1+ 36. Kh2 Rc2
{Game drawn by mutual agreement}
1/2-1/2

[Event "ICCopen2016"]
[Site "Internet Chess Club"]
[Date "2016.06.03"]
[Round "8"]
[White "ChessHouston"]
[Black "rovov"]
[Result "0-1"]
[ICCResult "White resigns"]
[WhiteElo "1808"]
[BlackElo "1705"]
[Opening "French defense"]
[ECO "C00"]
[NIC "FR.01"]
[Time "20:17:57"]
[TimeControl "180+0"]

1. e4 e6 2. Nf3 d5 3. exd5 exd5 4. d4 Nf6 5. Bd3 Bd6 6. O-O O-O 7. Nc3 c6 8.
h3 h6 9. Ne2 Nbd7 10. c3 Ne4 11. Qc2 Ndf6 12. Bf4 Bf5 13. Ne5 Bh7 14. f3 Ng5
15. h4 Bxd3 16. Qxd3 Ne6 17. Bd2 Nd7 18. g3 Nxe5 19. dxe5 Bxe5 20. Qf5 Qf6
21. Qxf6 Bxf6 22. Rfe1 Rfe8 23. Kf2 d4 24. cxd4 Nxd4 25. Nxd4 Bxd4+ 26. Be3
Bxe3+ 27. Rxe3 Rxe3 28. Kxe3 Re8+ 29. Kd2 f6 30. Rc1 Kf7 31. f4 Kg6 32. Rc5
Re4 33. a3 Kf7 34. h5 Ke6 35. Kd3 Re1 36. Ra5 a6 37. Rc5 Rd1+ 38. Ke2 Rd5
39. Rxd5 Kxd5 40. Kd3 f5 41. b4 b6 42. a4 c5 43. bxc5 Kxc5 44. Kc3 b5 45.
axb5 Kxb5 46. Kb3 Kc5 47. Kc3 Kd5 48. Kb4 Ke4 49. Ka5 Kf3 50. Kxa6 Kxg3 51.
Kb5 Kxf4 52. Kc4 Kg5 {White resigns} 0-1

[Event "ICCopen2016"]
[Site "Internet Chess Club"]
[Date "2016.06.03"]
[Round "8"]
[White "VrloJakMK"]
[Black "Nightlife"]
[Result "1-0"]
[ICCResult "Black resigns"]
[WhiteElo "2129"]
[BlackElo "1852"]
[Opening "QGD: Semi-Tarrasch, 5.cd"]
[ECO "D41"]
[NIC "TD.12"]
[Time "20:18:42"]
[TimeControl "180+0"]

1. d4 Nf6 2. c4 e6 3. Nc3 d5 4. Nf3 c5 5. cxd5 Nxd5 6. g3 Nc6 7. Bg2 cxd4 8.
Nxd4 Be7 9. O-O O-O 10. Nxd5 exd5 11. Be3 Ne5 12. Bf4 Nc4 13. b3 Nb6 14. h4
Bf6 15. Rc1 Re8 16. Nb5 Be5 17. Bxe5 Rxe5 18. e3 Bf5 19. Qd4 Qe7 20. Rfd1
Rd8 21. Nxa7 Be4 22. Bxe4 Rxe4 23. Qxb6 Rd6 24. Rc8+ {Black resigns} 1-0

[Event "ICCopen2016"]
[Site "Internet Chess Club"]
[Date "2016.06.03"]
[Round "8"]
[White "chigato"]
[Black "HPG1947"]
[Result "1-0"]
[ICCResult "Black forfeits on time"]
[WhiteElo "1793"]
[BlackElo "1595"]
[Opening "KP: King's head opening"]
[ECO "A00"]
[Time "20:17:47"]
[TimeControl "180+0"]

1. f3 e5 2. e4 Bc5 3. Bd3 Nf6 4. Qe2 Nc6 5. c3 O-O 6. Bc2 d5 7. d3 Re8 8.
Bg5 Qd6 9. Bxf6 Qxf6 10. exd5 Ne7 11. c4 Nf5 12. Bb3 Qh4+ 13. Kd1 Ne3+ 14.
Kc1 Qh6 15. Nd2 Bf5 16. Kb1 c6 17. Ne4 Bd4 18. g4 Bd7 19. Nc3 a6 20. h4 Qd6
21. Nh3 b5 22. Ng5 bxc4 23. dxc4 Qb4 24. Nge4 f5 25. gxf5 Bxf5 26. Qd3 cxd5
27. Nxd5 Nxd5 28. cxd5 {Black forfeits on time} 1-0

[Event "ICCopen2016"]
[Site "Internet Chess Club"]
[Date "2016.06.03"]
[Round "8"]
[White "Discoverchess"]
[Black "Tal-Baron"]
[Result "1-0"]
[ICCResult "Black resigns"]
[WhiteElo "2577"]
[BlackElo "2815"]
[Opening "English: symmetrical variation"]
[ECO "A37"]
[NIC "EO.28"]
[Time "20:18:07"]
[TimeControl "180+0"]

1. c4 c5 2. g3 g6 3. Bg2 Bg7 4. Nf3 Nc6 5. Nc3 d6 6. a3 a6 7. O-O Rb8 8. b4
cxb4 9. axb4 Nxb4 10. d4 Nc6 11. Nd5 e6 12. Nf4 Nge7 13. Ba3 O-O 14. d5 exd5
15. cxd5 Ne5 16. Rc1 Re8 17. Qd2 b5 18. Nxe5 Bxe5 19. Bb4 Bb7 20. Ba5 Qd7
21. Rc7 Qf5 22. Nd3 Nxd5 23. Rxb7 Rxb7 24. Bxd5 Rbe7 25. e4 Qf6 26. Bb4 Bd4
27. Kg2 h5 28. h4 Kg7 29. Rc1 Rd8 30. Rc6 Ra7 31. Nf4 Be5 32. Nd3 Bd4 33. e5
Bxe5 34. Nxe5 dxe5 35. Rxf6 Kxf6 36. Qg5+ Kg7 37. Qxd8 {Black resigns} 1-0

[Event "ICCopen2016"]
[Site "Internet Chess Club"]
[Date "2016.06.03"]
[Round "8"]
[White "chigamaster"]
[Black "Danya"]
[Result "1-0"]
[ICCResult "Black resigns"]
[WhiteElo "2995"]
[BlackElo "3035"]
[Opening "Scotch: Schmidt variation"]
[ECO "C45"]
[NIC "SO.04"]
[Time "20:18:12"]
[TimeControl "180+0"]

1. e4 e5 2. Nf3 Nc6 3. d4 exd4 4. Nxd4 Nf6 5. Nxc6 bxc6 6. Qe2 Bc5 7. e5 O-O
8. exf6 Re8 9. Be3 Qxf6 10. c3 Rb8 11. Qf3 Qh6 12. Bc4 d5 13. O-O Bxe3 14.
fxe3 f6 15. Bb3 Rxe3 16. Qf2 Ba6 17. Re1 Rbe8 18. Na3 Re2 19. Rxe2 Rxe2 20.
Qg3 Qd2 21. Nc2 Re5 22. Nd4 Qxb2 23. Re1 Be2 24. Nxc6 Rg5 25. Qf2 Qxc3 26.
Bxd5+ Kf8 27. Qxe2 {Black resigns} 1-0

[Event "ICCopen2016"]
[Site "Internet Chess Club"]
[Date "2016.06.03"]
[Round "8"]
[White "inoahlot"]
[Black "panom"]
[Result "0-1"]
[ICCResult "White forfeits on time"]
[WhiteElo "1314"]
[BlackElo "1618"]
[Opening "King's pawn game"]
[ECO "C44"]
[NIC "KP.07"]
[Time "20:17:58"]
[TimeControl "180+0"]

1. e4 e5 2. Nf3 Nc6 3. d3 Nf6 4. Be3 g6 5. h3 Bg7 6. Nc3 d6 7. Qd2 O-O 8.
Bh6 Be6 9. Bxg7 Kxg7 10. Nh2 h6 11. Be2 Nd4 12. Bd1 a6 13. g4 b5 14. g5 hxg5
15. Qxg5 Nh7 16. Qe3 Qg5 17. Nf3 Nxf3+ 18. Bxf3 Qxe3+ 19. fxe3 Ng5 20. Be2
Rh8 21. O-O-O b4 22. Nd5 Bxd5 23. exd5 Rxh3 24. Rhg1 f6 25. e4 Rah8 26. Bg4
Rh2 27. Rdf1 R8h4 28. Bd7 a5 29. Ba4 Rf4 30. a3 bxa3 31. bxa3 Rhf2 32. Rxf2
Rxf2 33. Kb2 Nf3 34. Rg3 Nd4 35. Rg1 g5 36. Rg3 Ne2 37. Re3 g4 38. Kb3 g3
39. Rxg3+ Nxg3 40. c4 Ne2 41. Bd7 Nd4+ 42. Ka4 Rf3 43. Kxa5 Rxd3 44. a4 Rc3
45. Kb4 Rb3+ 46. Ka5 Re3 47. Bb5 Rxe4 48. Kb4 Nxb5 49. axb5 f5 50. Kc3 f4
51. Kd3 Re3+ 52. Kd2 Ra3 {White forfeits on time} 0-1

[Event "ICCopen2016"]
[Site "Internet Chess Club"]
[Date "2016.06.03"]
[Round "8"]
[White "paulohaddad"]
[Black "bullbuffalo"]
[Result "1-0"]
[ICCResult "Black checkmated"]
[WhiteElo "1668"]
[BlackElo "1328"]
[Opening "Queen's pawn: Torre attack"]
[ECO "A46"]
[NIC "QP.04"]
[Time "20:17:43"]
[TimeControl "180+0"]

1. d4 Nf6 2. Nf3 e6 3. Bg5 Be7 4. Nbd2 a6 5. e4 b5 6. g3 Bb7 7. Bg2 c5 8.
dxc5 Bxc5 9. e5 h6 10. exf6 hxg5 11. fxg7 Rg8 12. Nb3 Be7 13. Qd4 Nc6 14.
Qd2 Bf6 15. c3 Bxg7 16. Nxg5 Bf6 17. Ne4 Be7 18. Nd6+ Bxd6 19. Qxd6 Qe7 20.
Qc7 Ra7 21. Bxc6 Bxc6 22. Qxa7 Bxh1 23. O-O-O Qg5+ 24. Kb1 Bc6 25. Qxa6 Qf5+
26. Ka1 Qc2 27. Rc1 Qd3 28. Qc8+ Ke7 29. Qxg8 Bd5 30. h4 b4 31. Qg5+ Kf8 32.
Qh6+ Ke7 33. Qg5+ Kf8 34. Qe3 Qa6 35. cxb4 Bxb3 36. Qxb3 Qe2 37. b5 Qxf2 38.
b6 Qxg3 39. b7 Qb8 40. Rc8+ Qxc8 41. bxc8=Q+ Kg7 42. Qcc4 f6 43. Qg3+ Kf7
44. Qc5 e5 45. Qd6 f5 46. Qg5 f4 47. Qgf6+ Ke8 48. Qde7# {Black checkmated}
1-0

[Event "ICCopen2016"]
[Site "Internet Chess Club"]
[Date "2016.06.03"]
[Round "8"]
[White "orangeC"]
[Black "trivialpursuit"]
[Result "1-0"]
[ICCResult "Black forfeits on time"]
[WhiteElo "1627"]
[BlackElo "1435"]
[Opening "Scotch: Göring gambit"]
[ECO "C44"]
[NIC "SO.06"]
[Time "20:17:34"]
[TimeControl "180+0"]

1. e4 e5 2. Nf3 Nc6 3. d4 exd4 4. c3 d3 5. Bxd3 d6 6. h3 Nf6 7. O-O Be7 8.
Bf4 O-O 9. Nbd2 Be6 10. Nd4 Nxd4 11. cxd4 Bd7 12. Rc1 h6 13. Bb1 Be6 14. Nf3
c5 15. dxc5 dxc5 16. Qc2 g6 17. Bxh6 Re8 18. Ng5 Qb6 19. Nxe6 Qxe6 20. Qc4
Qxc4 21. Rxc4 b6 22. e5 Nd5 23. Be4 Rad8 24. Rd1 Nb4 25. Rxd8 Rxd8 26. a3
Nd3 27. Bxd3 Rxd3 28. b4 Rd4 29. Rxd4 cxd4 30. Kf1 a5 31. bxa5 bxa5 32. a4
Bb4 33. Ke2 Kh7 34. Bg5 Bc3 35. Kd3 Kg8 36. Bf6 Kf8 37. f4 Ke8 38. g4 Kf8
39. h4 {Black forfeits on time} 1-0

[Event "ICCopen2016"]
[Site "Internet Chess Club"]
[Date "2016.06.03"]
[Round "8"]
[White "Mandragora"]
[Black "TitaniumNinja01"]
[Result "1-0"]
[ICCResult "Black forfeits on time"]
[WhiteElo "1559"]
[BlackElo "1274"]
[Opening "Sicilian defense"]
[ECO "B33"]
[NIC "SI.32"]
[Time "20:17:36"]
[TimeControl "180+0"]

1. e4 c5 2. Nf3 Nc6 3. d4 cxd4 4. Nxd4 Nf6 5. Nxc6 bxc6 6. Bc4 d5 7. exd5
cxd5 8. Bb3 e5 9. O-O Bc5 10. Bg5 d4 11. Qf3 Ba6 12. Bxf6 gxf6 13. Re1 Rg8
14. Qc6+ Qd7 15. Qxa8+ Bc8 16. Qd5 Bd6 17. Nd2 Bb7 18. Qxf7+ Qxf7 19. Bxf7+
Kxf7 20. g3 h5 21. Ne4 Bc7 22. c3 Bb6 23. Nd6+ Ke6 24. Nxb7 dxc3 25. bxc3 h4
26. a4 hxg3 27. hxg3 Rxg3+ 28. Kh2 Rg7 29. f4 Rh7+ 30. Kg3 Rg7+ 31. Kf3 Rxb7
32. fxe5 fxe5 33. a5 Bc5 34. a6 Rf7+ 35. Kg4 Rf4+ 36. Kh5 Rf5+ 37. Kg4 Rf4+
38. Kh5 Rf5+ 39. Kg6 Rf6+ 40. Kg7 Bf8+ 41. Kg8 Ke7 42. Rxe5+ Kd7 43. Rd1+
Kc6 44. Rde1 Bd6 45. Re6 Rf8+ 46. Kg7 Rd8 47. Kf7 Rd7+ 48. Kf6 Rd8 49. c4
Rf8+ 50. Kg6 Rg8+ 51. Kh7 Rd8 52. Rc1 Rd7+ 53. Kg6 Rd8 54. c5
{Black forfeits on time}
1-0

[Event "ICCopen2016"]
[Site "Internet Chess Club"]
[Date "2016.06.03"]
[Round "8"]
[White "AaronArrowood"]
[Black "luckypawns"]
[Result "1-0"]
[ICCResult "Black resigns"]
[WhiteElo "1747"]
[BlackElo "1579"]
[Opening "Queen's pawn: Charlick (Englund) gambit"]
[ECO "A40"]
[NIC "QO.17"]
[Time "20:18:22"]
[TimeControl "180+0"]

1. d4 e5 2. dxe5 d6 3. exd6 Bxd6 4. e4 Nc6 5. Be2 Nf6 6. Nc3 Qe7 7. Nf3 Be6
8. O-O O-O-O 9. Bd3 Ng4 10. Qe2 Nge5 11. Nxe5 Nxe5 12. f4 Nxd3 13. cxd3 h5
14. f5 Bd7 15. Bf4 g5 16. Bxd6 Qxd6 17. Qe3 Qb6 18. Qxb6 axb6 19. Rad1 f6
20. d4 Rhe8 21. Nd5 Rf8 22. h3 Bc6 23. Ne7+ Kb8 24. Nxc6+ bxc6 25. g4 hxg4
26. hxg4 Rh8 27. Kg2 Rh4 28. Kg3 Rdh8 29. Rg1 Rh3+ 30. Kf2 Rh2+ 31. Rg2 Rh1
32. Rxh1 Rxh1 33. e5 Rh6 34. exf6 Rxf6 35. Ke3 Kc8 36. Ke4 Kd7 37. Ke5 Rf7
38. f6 Rf8 39. Kf5 Rg8 40. Re2 Re8 41. Rxe8 Kxe8 42. Kxg5 c5 43. dxc5 bxc5
44. Kf5 Kf7 45. g5 {Black resigns} 1-0

[Event "ICCopen2016"]
[Site "Internet Chess Club"]
[Date "2016.06.03"]
[Round "8"]
[White "junard"]
[Black "Ronibell"]
[Result "0-1"]
[ICCResult "White checkmated"]
[WhiteElo "1737"]
[BlackElo "2154"]
[Opening "Queen's pawn: Torre attack"]
[ECO "A45"]
[NIC "QP.04"]
[Time "20:17:43"]
[TimeControl "180+0"]

1. d4 Nf6 2. Bg5 e6 3. Nf3 Be7 4. c4 d5 5. Nc3 O-O 6. Qc2 c6 7. cxd5 exd5 8.
e3 Nbd7 9. Bd3 h6 10. Bh4 Re8 11. O-O Nf8 12. Rab1 a5 13. a3 Ne4 14. Bxe7
Qxe7 15. b4 axb4 16. axb4 Ra3 17. Rb3 Rxb3 18. Qxb3 Bg4 19. Qb2 Bxf3 20.
gxf3 Ng5 21. Be2 Ng6 22. Kh1 Nh4 23. f4 Nh3 24. Bg4 Nxf4 25. exf4 Qe1 26.
Qc1 Qe7 27. b5 f5 28. Bh5 g6 29. Bd1 Qb4 30. bxc6 bxc6 31. Ne2 Qb7 32. Ba4
Rxe2 33. Bxc6 Qb3 34. f3 Nxf3 35. Bd7 Rxh2# {White checkmated} 0-1

[Event "ICCopen2016"]
[Site "Internet Chess Club"]
[Date "2016.06.03"]
[Round "8"]
[White "MaestroASK"]
[Black "DEHO"]
[Result "1-0"]
[ICCResult "Black forfeits on time"]
[WhiteElo "2576"]
[BlackElo "2231"]
[Opening "Benko's opening"]
[ECO "A00"]
[NIC "VO.09"]
[Time "20:17:36"]
[TimeControl "180+0"]

1. g3 d5 2. d3 Nf6 3. Bg2 e6 4. e4 Be7 5. Nd2 O-O 6. Nh3 c5 7. O-O Nc6 8. f4
b5 9. g4 b4 10. g5 Ne8 11. e5 Nc7 12. Nf2 Nd4 13. Nf3 Nxf3+ 14. Qxf3 a5 15.
a4 bxa3 16. Rxa3 Nb5 17. Ra1 Nd4 18. Qd1 a4 19. Be3 Nf5 20. Bd2 Bd7 21. c3
Qb6 22. Bc1 Rab8 23. Nh1 f6 24. exf6 gxf6 25. gxf6 Rxf6 26. Ng3 Nxg3 27.
hxg3 Kh8 28. g4 Bd6 29. g5 Rf7 30. Qh5 Rbf8 31. Rf2 Qc7 32. g6 Rg7 33. f5
Rxf5 34. Rxf5 exf5 35. gxh7 d4 36. Bg5 Be5 37. c4 Bc6 38. Bxc6 Qxc6 39. Kf2
{Black forfeits on time}
1-0

[Event "ICCopen2016"]
[Site "Internet Chess Club"]
[Date "2016.06.03"]
[Round "8"]
[White "chessasuke91"]
[Black "SCORPION83"]
[Result "1-0"]
[ICCResult "Black forfeits on time"]
[WhiteElo "2693"]
[BlackElo "2996"]
[Opening "French: Steinitz, Boleslavsky variation"]
[ECO "C11"]
[NIC "FR.04"]
[Time "20:17:28"]
[TimeControl "180+0"]

1. e4 e6 2. d4 d5 3. Nc3 Nf6 4. e5 Nfd7 5. f4 c5 6. Nf3 Nc6 7. Be3 cxd4 8.
Nxd4 Bc5 9. Qd2 O-O 10. O-O-O a6 11. Kb1 Bxd4 12. Bxd4 b5 13. Be3 b4 14. Na4
a5 15. h4 Ba6 16. Bxa6 Rxa6 17. h5 Qc7 18. h6 g6 19. g4 Ne7 20. Bd4 Rc8 21.
b3 Nc6 22. Bb2 Ne7 23. Rh2 Nc5 24. Nxc5 Qxc5 25. Qe1 Nc6 26. f5 a4 27. Qh4
Qe7 28. fxe6 fxe6 29. Qxe7 Nxe7 30. Rf2 Nc6 31. Rf6 a3 32. Ba1 Re8 33. Bd4
Raa8 34. Kc1 Rac8 35. Ba1 Rc7 36. g5 Rf7 37. Rxf7 Kxf7 38. Bd4 Ke7 39. Bc5+
Kd7 40. Bd6 Ne7 41. Bxb4 Rf8 42. Bxa3 Rf5 43. Bxe7 Kxe7 44. a4 Rxg5 45. a5
Kd7 46. Rf1 Rf5 47. Rxf5 gxf5 48. a6 Kc6 49. b4 Kb6 50. b5 Ka7 51. Kd2 Kb6
52. Ke3 Ka7 53. Kd4 Kb6 54. c3 Ka7 55. c4 dxc4 56. Kxc4 Kb6 57. Kb4 Ka7 58.
Kc5 Kb8 59. b6 Kc8 60. Kc6 Kb8 61. a7+ Ka8 62. Kc7 f4 63. b7+ Kxa7 64. b8=Q+
{Black forfeits on time}
1-0

[Event "ICCopen2016"]
[Site "Internet Chess Club"]
[Date "2016.06.03"]
[Round "8"]
[White "nurmi"]
[Black "afgano45"]
[Result "1-0"]
[ICCResult "Black checkmated"]
[WhiteElo "2306"]
[BlackElo "1897"]
[Opening "Sicilian: Labourdonnais-Löwenthal variation"]
[ECO "B32"]
[NIC "SI.32"]
[Time "20:17:41"]
[TimeControl "180+0"]

1. e4 c5 2. Nf3 Nc6 3. d4 cxd4 4. Nxd4 e5 5. Ne2 Nf6 6. Nbc3 Bb4 7. a3 Ba5
8. Qd3 O-O 9. g3 d5 10. b4 dxe4 11. Qxd8 Bxd8 12. Bg2 Bf5 13. Bg5 Nd4 14.
O-O-O a5 15. Nxd4 exd4 16. Rxd4 axb4 17. axb4 Bb6 18. Rc4 Be6 19. Rxe4 Nxe4
20. Nxe4 h6 21. Be7 Rfc8 22. Bc5 Bc7 23. f4 b6 24. Bd4 Ra4 25. c3 Ra1+ 26.
Kd2 Rxh1 27. Bxh1 Bf5 28. Nf2 Rd8 29. Nd3 g5 30. fxg5 hxg5 31. Bf3 Kh7 32.
Nb2 g4 33. Be2 Kg6 34. Bc4 f6 35. Nd3 Rh8 36. Bg1 Ra8 37. Ke3 Ra1 38. Bf2
Rh1 39. Nf4+ Bxf4+ 40. Kxf4 Rxh2 41. Bd4 Rd2 42. Bxb6 Rc2 43. Bd4 Bd7 44.
Bd5 Bb5 45. Be4+ f5 46. Bxc2 Kf7 47. Bxf5 Bc4 48. Bxg4 Ke7 49. Bf3 Kd6 50.
Be4 Bg8 51. g4 Ke7 52. g5 Kd7 53. Bf5+ Kd6 54. Bf6 Kc6 55. g6 Kb5 56. Ke5
Kc4 57. Be6+ Bxe6 58. Kxe6 Kb5 59. g7 Kc6 60. g8=Q Kb5 61. Qd8 Kc4 62. Qd5#
{Black checkmated}
1-0